 Dungeon Crawl Stone Soup version 0.20-a0-991-g93344ec (webtiles) character file.

10780 MudBrick2 the Cleaver (level 11, -4/84 HPs)
             Began as a Demonspawn Gladiator on Apr 11, 2017.
             Was an Elder of Makhleb.
             Slain by an ice devil (12 damage)
             ... in an ice cave.
             The game lasted 01:19:24 (11315 turns).

MudBrick2 the Cleaver (Demonspawn Gladiator)       Turns: 11315, Time: 01:19:25

Health: -4/84      AC: 27    Str: 13    XL:     11   Next: 40%
Magic:  14/14      EV: 10    Int:  9    God:    Makhleb [****..]
Gold:   657        SH:  0    Dex: 16    Spells: 10/10 levels left

rFire    + . .     SeeInvis .   u - +0 battleaxe (vamp)
rCold    . . .     Gourm    .   (shield currently unavailable)
rNeg     + . .     Faith    .   M - +2 chain mail of Peysied {+Inv rF+ rN+ Str-4}
rPois    .         Spirit   .   c - +0 helmet
rElec    .         Reflect  .   C - +1 cloak
rCorr    .         Harm     +   G - +0 pair of gloves
MR       .....                  (no boots)
Stlth    ..........             O - amulet of harm
Regen    0.3/turn               i - +1 ring of evasion
MPRegen  0.2/turn               x - +4 ring of protection

@: no status effects
A: talons 2, iridescent scales 3, demonic guardian 2, augmentation 1
a: Minor Destruction, Lesser Servant of Makhleb, Major Destruction, Renounce
Religion, Evoke Invisibility


You were in an ice cave.
You worshipped Makhleb.
Makhleb was greatly pleased with you.
You were not hungry.

You visited 2 branches of the dungeon, and saw 12 of its levels.
You also visited: Ice Cave.

You collected 657 gold pieces.

Inventory:

Hand Weapons
 a - a +4 scimitar of flaming
 u - a +0 vampiric battleaxe (weapon)
Missiles
 d - 2 throwing nets (quivered)
Armour
 c - a +0 helmet (worn)
 g - a +0 plate armour
 C - a +1 cloak (worn)
 G - a +0 pair of gloves (worn)
 M - the +2 chain mail of Peysied (worn) {+Inv rF+ rN+ Str-4}
   (You found it on level 7 of the Dungeon)

   It affects your strength (-4).
   It protects you from fire.
   It protects you from negative energy.
   It lets you turn invisible.
Jewellery
 i - a +1 ring of evasion (left hand)
 x - a +4 ring of protection (right hand)
 B - an uncursed ring of magical power
 K - an uncursed amulet of regeneration
 O - an amulet of harm (around neck)
Wands
 k - a wand of lightning (8/15)
 l - a wand of random effects (32/48)
 o - a wand of iceblast (9/15)
 p - a wand of scattershot (7/9)
 E - a wand of acid (9/15)
 F - a wand of scattershot (5/9)
 J - a wand of lightning (7/15)
Scrolls
 b - a scroll of immolation
 e - 3 scrolls of teleportation
 h - 8 scrolls of recharging
 n - a scroll of fog {unknown}
 t - 4 scrolls of remove curse
 w - 4 scrolls of identify
 y - a scroll of enchant armour
 I - 4 scrolls of blinking
 Q - a scroll of enchant weapon
Potions
 j - 2 potions of ambrosia
 r - a potion of lignification {unknown}
 z - a potion of invisibility
 A - 2 potions of curing
 D - 3 potions of brilliance
 H - 3 potions of might
 L - a potion of agility
Books
 s - a book of Maledictions

   Spells                             Type                      Level
   a - Corona                         Hexes                        1
   b - Ensorcelled Hibernation        Hexes/Ice                    2
   c - Confuse                        Hexes                        3
   d - Tukima's Dance                 Hexes                        3
   e - Dazzling Spray                 Conjuration/Hexes            3
 N - the Tome of Toxic Calling
   (You found it on level 7 of the Dungeon)

   Spells                             Type                      Level
   a - Sting                          Conjuration/Poison           1
   b - Summon Butterflies             Summoning                    1
   c - Summon Small Mammal            Summoning                    1
   d - Summon Lightning Spire         Summoning/Air                4
   e - Shadow Creatures               Summoning                    6
   f - Spellforged Servitor           Conjuration/Summoning        7
 P - a book of Conjurations

   Spells                             Type                      Level
   a - Magic Dart                     Conjuration                  1
   b - Searing Ray                    Conjuration                  2
   c - Dazzling Spray                 Conjuration/Hexes            3
   d - Fulminant Prism                Conjuration/Hexes            4
   e - Force Lance                    Conjuration/Translocation    4
   f - Iskenderun's Mystic Blast      Conjuration                  4
Comestibles
 f - 11 bread rations
 q - 4 royal jellies
 R - a meat ration
 S - 3 fruits


   Skills:
 * Level 7.2 Fighting
 * Level 12.4 Axes
 + Level 1.8 Throwing
 * Level 6.1 Armour
 * Level 6.4 Dodging
 * Level 4.0 Invocations


You had 10 spell levels left.
You didn't know any spells.

Dungeon Overview and Level Annotations

Branches:
Dungeon (11/15)            Temple (1/1) D:7            Lair (0/6) D:8
    Orc (0/2) D:11

Altars:
Ashenzari
Cheibriados
Dithmenos
Elyvilon
Fedhas
Gozag
Hepliaklqana
Kikubaaqudgha
Makhleb
Nemelex Xobeh
Okawaru
Qazlal
Ru
Sif Muna
Trog
Uskayaw
Vehumet
Wu Jian
Xom
Yredelemnul
Zin
The Shining One

Shops:
D:7 (*%?

Annotations:
IceCv exclusion: 2 ice statues


Innate Abilities, Weirdness & Mutations

You have razor-sharp toenails.
You are completely covered in iridescent scales. (AC +6)
A demonic guardian rushes to your aid.
Your magical and physical power is slightly enhanced at high health.


Message History

Marking area around the ice statue as unsafe for travelling.
Marking area around the ice statue as unsafe for travelling. 2 ice statues come into view.
The ice devil hits you. The ice devil freezes you!! The ice devil hits you!
The ice devil freezes you!!
* * * LOW HITPOINT WARNING * * *
Your soul eater hits the ice devil.
Found a scroll labeled JUSETU DURAUGRINEO and a scroll of remove curse.
The ice devil barely misses your soul eater.
Your soul eater hits the ice devil!
You hit the ice devil.
The ice devil is lightly wounded.
You catch the helpless ice devil completely off-guard!
You hit the ice devil. The ice devil barely misses you.
The ice devil hits you but does no damage.
Your soul eater hits the ice devil.
You slash the ice devil!
The ice devil is moderately wounded.
You hit the ice devil. The ice devil barely misses you. The ice devil hits you!
You die...

##### ##.....
##....... #........
#### 8........ ##..##
##........
##....######.........
#.......##..@4.......
#..∩∩.......34....⌠..
#....................
##....##..##.........
##..########........
#### 8........
#........ ##.......
##....


You could see 2 ice devils and a friendly soul eater.

Vanquished Creatures
  A two-headed ogre (D:8)
  An unseen horror (D:10)
  Maurice (D:9)
  Joseph (D:8)
  An ice devil (D:11)
  The ghost of MudBrick2 the Charmwright, an amateur BaSk (D:3)
  A shadow (D:10)
  A wraith (D:10)
  7 yaks (D:10)
  Grum (D:8)
  A hungry ghost (D:11)
  An ice beast (D:8)
  2 orc warriors
  An eye of draining (D:9)
  A black bear (D:8)
  2 sky beasts
  A phantom (D:8)
  6 ogres
  A wolf (D:8)
  4 centaurs
  7 bullfrogs
  A wyvern zombie (D:6)
  Dowan (D:7)
  5 scorpions
  2 killer bees (D:6)
  2 howler monkeys
  2 vampire bats (D:8)
  5 crimson imps
  A bullfrog zombie (D:5)
  A jelly (D:9)
  A gnoll shaman (D:8)
  10 hounds
  4 orc priests
  5 iguanas
  5 orc wizards
  2 centaur skeletons
  Ijyb (D:4)
  5 worker ants
  2 hound skeletons
  10 gnolls
  10 adders
  A shadow imp (D:5)
  3 adder skeletons
  4 worms
  A dart slug (D:1)
  9 leopard geckos
  40 orcs
  2 bat skeletons (D:8)
  3 bat zombies (D:8)
  8 giant cockroaches
  17 goblins
  4 hobgoblins
  10 jackals
  5 quokkas
  2 ball pythons (D:3)
  4 bats
  6 frilled lizards
  A jackal skeleton (D:4)
  10 kobolds
  A quokka skeleton (D:4)
  6 rats
255 creatures vanquished.

Vanquished Creatures (collateral kills)
  Josephine (D:10)
  Erica (D:9)
  Pikel (D:4)
  An ice devil (D:11)
  Prince Ribbit (D:6)
  2 hippogriffs (D:7)
  A yak (D:10)
  3 wraiths (D:10)
  Edmund (D:4)
  Duvessa (D:7)
  An orc warrior (D:7)
  An ogre (D:4)
  A wolf (D:8)
  4 killer bees (D:6)
  An orc wizard (D:7)
  An adder (D:3)
  2 orcs
24 creatures vanquished.

Vanquished Creatures (others)
  Menkaure (D:4)
  A slave (D:4)
  A giant cockroach (D:4)
  A leopard gecko skeleton (D:4)
4 creatures vanquished.

Grand Total: 283 creatures vanquished

Notes
Turn   | Place    | Note
-------+----------+-------------------------------------------
     0 | D:1      | MudBrick2 the Demonspawn Gladiator began the quest for the Orb.
     0 | D:1      | Reached XP level 1. HP: 16/16 MP: 1/1
   311 | D:1      | Gained mutation: You are partially covered in iridescent scales. (AC +2) [demonic ancestry]
   311 | D:1      | Reached XP level 2. HP: 19/22 MP: 2/2
   462 | D:1      | Reached skill level 3 in Axes
  1349 | D:2      | Gained mutation: A weak demonic guardian rushes to your aid. [demonic ancestry]
  1349 | D:2      | Reached XP level 3. HP: 27/27 MP: 3/3
  1598 | D:2      | Reached skill level 1 in Armour
  2138 | D:3      | Noticed MudBrick2's ghost (amateur BaSk)
  2607 | D:3      | Gained mutation: You are mostly covered in iridescent scales. (AC +4) [demonic ancestry]
  2607 | D:3      | Reached XP level 4. HP: 34/34 MP: 4/4
  2636 | D:3      | Killed MudBrick2's ghost
  2636 | D:3      | Reached skill level 4 in Axes
  2636 | D:3      | Reached XP level 5. HP: 30/39 MP: 5/5
  2671 | D:3      | Gained mutation: You have sharp toenails. [demonic ancestry]
  2671 | D:3      | Reached XP level 6. HP: 36/46 MP: 6/6
  2863 | D:3      | Found a faded altar of an unknown god.
  3048 | D:4      | Noticed a slave
  3055 | D:4      | Noticed a slave
  3056 | D:4      | Noticed Pikel
  3056 | D:4      | Noticed a slave
  3057 | D:4      | Noticed a slave
  3066 | D:4      | Killed Pikel
  3066 | D:4      | Reached skill level 6 in Axes
  3066 | D:4      | Gained mutation: You have razor-sharp toenails. [demonic ancestry]
  3066 | D:4      | Reached XP level 7. HP: 17/52 MP: 7/7
  3422 | D:4      | Noticed Edmund
  3443 | D:4      | Killed Edmund
  3559 | D:4      | Killed Menkaure
  3635 | D:4      | Found a burning altar of Makhleb.
  3644 | D:4      | Became a worshipper of Makhleb the Destroyer
  3825 | D:4      | Noticed Ijyb
  3839 | D:4      | Killed Ijyb
  4187 | D:5      | Entered Level 5 of the Dungeon
  4359 | D:5      | Found a shattered altar of Ashenzari.
  4417 | D:5      | Gained mutation: A demonic guardian rushes to your aid. [demonic ancestry]
  4417 | D:5      | Reached XP level 8. HP: 60/60 MP: 8/8
  4429 | D:5      | Reached skill level 7 in Axes
  4537 | D:5      | Reached * piety under Makhleb
  5361 | D:6      | Found an iron altar of Okawaru.
  5475 | D:6      | Reached skill level 8 in Axes
  5517 | D:6      | Noticed Prince Ribbit
  5524 | D:6      | Killed Prince Ribbit
  5900 | D:6      | Gained mutation: You are completely covered in iridescent scales. (AC +6) [demonic ancestry]
  5900 | D:6      | Reached XP level 9. HP: 66/66 MP: 9/9
  5987 | D:6      | Reached skill level 9 in Axes
  6130 | D:6      | Found a blossoming altar of Fedhas.
  6595 | D:7      | Found Kauble's Assorted Antiques.
  6616 | D:7      | Found a staircase to the Ecumenical Temple.
  6646 | D:7      | Reached ** piety under Makhleb
  6648 | D:7      | Noticed Dowan
  6653 | D:7      | Reached skill level 5 in Dodging
  6661 | D:7      | Killed Dowan
  6676 | D:7      | Found a sparkling altar of Nemelex Xobeh.
  6731 | D:7      | Found an ornate altar of the Wu Jian Council.
  6734 | D:7      | Found an opulent altar of Gozag.
  6772 | D:7      | Reached skill level 5 in Fighting
  6957 | D:7      | Found Arigaewn's Magic Scroll Boutique.
  7005 | D:7      | Noticed Duvessa
  7019 | D:7      | Killed Duvessa
  7019 | D:7      | Reached skill level 10 in Axes
  7060 | Temple   | Entered the Ecumenical Temple
  7363 | D:7      | Found Kela's Weapon Shoppe.
  7592 | D:7      | Found Riove's Food Shoppe.
  7619 | D:7      | Got a dazzling chain mail
  7631 | D:7      | Identified the +2 chain mail of Peysied {+Inv rF+ rN+ Str-4} (You found it on level 7 of the Dungeon)
  7663 | D:7      | Identified the Tome of Toxic Calling
  7972 | D:8      | Found a staircase to the Lair.
  7985 | D:8      | Noticed Grum
  7996 | D:8      | Killed Grum
  8082 | D:8      | Noticed Joseph
  8096 | D:8      | Killed Joseph
  8188 | D:8      | Found an ancient bone altar of Kikubaaqudgha.
  8221 | D:8      | Gained mutation: Your magical and physical power is slightly enhanced at high health. [demonic ancestry]
  8221 | D:8      | Reached XP level 10. HP: 74/74 MP: 10/10
  8233 | D:8      | Reached *** piety under Makhleb
  8366 | D:8      | Noticed a two-headed ogre
  8372 | D:8      | Killed a two-headed ogre
  8372 | D:8      | Reached skill level 5 in Armour
  8548 | D:8      | Reached skill level 11 in Axes
  8748 | D:8      | Found a snail-covered altar of Cheibriados.
  8824 | D:9      | Noticed Erica
  8835 | D:9      | Killed Erica
  8991 | D:9      | Noticed Maurice
  9014 | D:9      | Killed Maurice
  9014 | D:9      | Reached skill level 1 in Invocations
  9721 | D:10     | Entered Level 10 of the Dungeon
  9751 | D:10     | Reached **** piety under Makhleb
  9893 | D:10     | Noticed Josephine
  9905 | D:10     | Killed Josephine
  9905 | D:10     | Reached skill level 12 in Axes
  9905 | D:10     | Reached XP level 11. HP: 83/83 MP: 11/13
 10557 | D:10     | Killed an unseen horror
 11282 | D:11     | Found a frozen archway.
 11300 | IceCv    | Entered an ice cave
 11315 | IceCv    | Slain by an ice devil

Vault maps used:
D:1:      dpeg_arrival_simpleton_b
D:2:      kennysheep_generic_room_13
D:3:      chequers_ecumenical_altar_grove, kennysheep_generic_room_12
D:4:      first_bread, bloody_makhleb, uniq_menkaure, uniq_pikel, uniq_iyjb,
          uniq_edmund
D:5:      nicolae_overflow_hidden_temple, kennysheep_nondescript
D:6:      okawaru_altar_gauntlet_db, fedhas_altar_4, roderic_serpentine_path,
          corexii_shack, hangedman_decor_opposing, uniq_prince_ribbit1
D:7:      grunt_temple_overflow_open, minmay_temple_entry_trees, serial_shops,
          shop, shop, shop, nicolae_shop_waterfront, uniq_duvessa
D:8:      kennysheep_vampire_church, cheibriados_altar_1, lair_entry_dummy,
          uniq_grum, uniq_joseph
D:9:      serial_column_ruins, column_ruins_columns_corner,
          column_ruins_open_small, column_ruins_open_tiny,
          column_ruins_columns_straight, column_ruins_grid_1,
          kennysheep_pointless_box, uniq_erica, uniq_maurice
D:10:     uniq_josephine
D:11:     hiddenorc2_lemuel, portal_ice_cave_demonic_guard, minivault_22
Temple:   nicolae_temple_great_sept
IceCv:    ice_cave_tombish

Skill      XL: |  1  2  3  4  5  6  7  8  9 10 11 |
---------------+----------------------------------+-----
Axes           | 3 4 6 8 10 12 | 12.4
Dodging        | 3 4 5 6 |  6.4
Armour         | 1 2 3 4 5 6 |  6.1
Fighting       | 3 4 5 6 7 |  7.2
Invocations    | 2 4 |  4.0
Throwing       | |  1.8

Action                   |  1- 3 |  4- 6 |  7- 9 | 10-12 || total
-------------------------+-------+-------+-------+-------++-------
Melee: War axe           |   176 |    64 |    41 |       ||   281
       Kick              |       |     8 |   124 |    83 ||   215
       Battleaxe         |       |       |   392 |   272 ||   664
Throw: Throwing net      |       |       |     1 |       ||     1
  Use: Potion            |     8 |       |       |     3 ||    11
       Scroll            |     4 |       |     7 |     3 ||    14
 Stab: Sleeping          |     1 |       |       |       ||     1
       Distracted        |       |       |       |     3 ||     3
  Eat: Chunk             |     5 |     2 |    10 |     9 ||    26
       Meat ration       |       |       |     2 |     1 ||     3
       Royal jelly       |       |       |     1 |       ||     1
Armor: Leather armour    |    60 |       |       |       ||    60
       Ring mail         |     2 |    62 |   190 |       ||   254
       Chain mail        |       |       |    90 |   393 ||   483
Dodge: Dodged            |   149 |    64 |   414 |   153 ||   780
